 Dungeon Crawl Stone Soup version 0.22-a0-160-gcc81d7a (webtiles) character file.

591 Azzok the Shield-Bearer (level 7, -6/60 HPs)
             Began as a Gnoll Fighter on Feb 10, 2018.
             Mangled by a gnoll sergeant
             ... wielding a +0 trident of venom
              (7 damage)
             ... on level 5 of the Dungeon.
             The game lasted 00:06:18 (3392 turns).

Azzok the Shield-Bearer (Gnoll Fighter)             Turns: 3392, Time: 00:06:20

Health: -6/60      AC: 10    Str: 26    XL:     7   Next: 39%
Magic:  10/10      EV: 10    Int: 10    God:
Gold:   184        SH: 11    Dex: 14    Spells: 10/10 levels left

rFire    . . .     SeeInvis .   b - +2 hand axe (venom)
rCold    . . .     Gourm    .   c - +0 shield
rNeg     . . .     Faith    .   v - +0 scale mail
rPois    .         Spirit   .   (no helmet)
rElec    .         Reflect  .   (no cloak)
rCorr    .         Harm     .   z - +0 pair of gloves
MR       .....                  t - +0 pair of boots
Stlth    +.........             (no amulet)
HPRegen  0.20/turn              (no ring)
MPRegen  0.12/turn              (no ring)

@: mighty, lethally poisoned (-6 -> -38)
A: distributed training, fangs 1, strong nose
a: no special abilities


You were on level 5 of the Dungeon.
You were not hungry.

You visited 1 branch of the dungeon, and saw 5 of its levels.

You collected 184 gold pieces.

Inventory:

Hand Weapons
 a - a +0 war axe
 b - a +2 hand axe of venom (weapon)
Missiles
 w - 3 javelins (quivered)
Armour
 c - a +0 shield (worn)
 t - a +0 pair of boots (worn)
 v - a +0 scale mail (worn)
 z - a +0 pair of gloves (worn)
Scrolls
 e - a scroll of enchant weapon {unknown}
 h - 5 scrolls of remove curse
 i - 6 scrolls of identify {unknown}
 l - 3 scrolls of noise {unknown}
 m - 3 scrolls of magic mapping {unknown}
 n - 2 scrolls of teleportation {unknown}
 o - 3 scrolls of immolation {unknown}
 q - 3 scrolls of amnesia {unknown}
 y - a scroll of fear {unknown}
Potions
 j - 2 potions of flight {unknown}
 k - 3 potions of curing {unknown}
 p - a potion of brilliance {unknown}
 r - a potion of resistance {unknown}
 s - a potion of agility {unknown}
 u - a potion of lignification {unknown}
 x - a potion of cancellation {unknown}
 A - a potion of mutation {unknown}
 B - a potion of ambrosia {unknown}
Comestibles
 f - 8 rations


   Skills:
 + Level 7.0 Fighting
 + Level 2.4 Short Blades
 + Level 2.4 Long Blades
 + Level 5.2 Axes
 + Level 2.4 Maces & Flails
 + Level 2.4 Polearms
 + Level 2.4 Staves
 + Level 2.4 Slings
 + Level 2.4 Bows
 + Level 2.4 Crossbows
 + Level 2.4 Throwing
 + Level 7.0 Armour
 + Level 2.4 Dodging
 + Level 2.4 Stealth
 + Level 7.0 Shields
 + Level 2.4 Unarmed Combat
 + Level 2.4 Spellcasting
 + Level 2.0 Conjurations
 + Level 2.0 Hexes
 + Level 2.0 Charms
 + Level 2.0 Summonings
 + Level 2.0 Necromancy
 + Level 2.0 Translocations
 + Level 2.0 Transmutations
 + Level 2.0 Fire Magic
 + Level 2.0 Ice Magic
 + Level 2.0 Air Magic
 + Level 2.0 Earth Magic
 + Level 2.0 Poison Magic
 + Level 2.6 Invocations
 + Level 2.4 Evocations


You had 10 spell levels left.
You didn't know any spells.

Dungeon Overview and Level Annotations

Branches:
Dungeon (5/15)
 Temple: D:4-7

Altars:
Qazlal
Ru
Xom
Zin

Shops:
D:4 [:(=


Innate Abilities, Weirdness & Mutations

Your experience applies equally to all skills.
You have very sharp teeth.
Your uncanny sense of smell can sniff out nearby items.


Message History

* * * LOW HITPOINT WARNING * * *
You feel sick.
The gnoll sergeant hits you but does no damage.
You are more poisoned.
You barely miss the gnoll.
* * * LOW HITPOINT WARNING * * *
You feel very sick.
The gnoll sergeant hits you from afar with a trident of venom.
* * * LOW HITPOINT WARNING * * *
You are more poisoned.
The gnoll closely misses you.
You slash the gnoll!
You kill the gnoll!
* * * LOW HITPOINT WARNING * * *
You feel very sick. You block the gnoll sergeant's attack.
You block the gnoll's attack.
* * * LOW HITPOINT WARNING * * *
You feel very sick.
The gnoll sergeant hits you with a trident of venom!
You die...

▒▒▒▒▒▒▒▒▒▒▒ ▒·········▒ ·······
▒▒▒▒▒▒▒ ▒·········▒
·······▒▒·····▒▒▒▒▒▒▒·†·······▒
···>···╬······gg@···'·········▒
·······▒▒·▒·▒··g▒▒▒▒▒·········▒
·······▒▒····▒··▒ ▒▒··▒▒▒····
············▒▒(·▒▒▒▒ ▒▒·▒▒ ···
·······▒·▒·········▒▒▒▒··▒▒····
··················[············
·············▒·····{···········
··················▒···?·····▒▒▒
·······▒▒▒▒▒·▒▒▒▒╬▒·········▒


You could see a gnoll sergeant and 2 gnolls.

Vanquished Creatures
  A sky beast (D:5)
  A scorpion (D:5)
  A howler monkey (D:5)
  A hound (D:4)
  An orc priest (D:4)
  A bullfrog skeleton (D:4)
  An iguana (D:4)
  An orc wizard (D:4)
  2 worker ants (D:4)
  A hound skeleton (D:4)
  8 adders
  6 gnolls
  4 dart slugs
  4 leopard geckos
  11 orcs
  A ball python (D:2)
  A giant cockroach (D:3)
  5 goblins
  7 hobgoblins
  3 jackals (D:4)
  10 kobolds
  2 quokkas
  4 bats
  6 frilled lizards
  11 rats
94 creatures vanquished.

Notes
Turn   | Place    | Note
-------+----------+-------------------------------------------
     0 | D:1      | Azzok the Gnoll Fighter began the quest for the Orb.
     0 | D:1      | Reached XP level 1. HP: 23/23 MP: 1/1
    46 | D:1      | Reached XP level 2. HP: 29/29 MP: 2/2
   620 | D:2      | Reached XP level 3. HP: 20/35 MP: 3/3
   925 | D:2      | Found a stormy altar of Qazlal.
   998 | D:2      | Reached skill level 1 in Invocations
  1002 | D:2      | Reached skill level 1 in Short Blades
  1002 | D:2      | Reached skill level 1 in Long Blades
  1002 | D:2      | Reached skill level 1 in Maces & Flails
  1002 | D:2      | Reached skill level 1 in Polearms
  1002 | D:2      | Reached skill level 1 in Staves
  1002 | D:2      | Reached skill level 1 in Slings
  1002 | D:2      | Reached skill level 1 in Bows
  1002 | D:2      | Reached skill level 1 in Crossbows
  1002 | D:2      | Reached skill level 1 in Throwing
  1002 | D:2      | Reached skill level 1 in Dodging
  1002 | D:2      | Reached skill level 1 in Stealth
  1002 | D:2      | Reached skill level 1 in Unarmed Combat
  1002 | D:2      | Reached skill level 1 in Spellcasting
  1002 | D:2      | Reached skill level 1 in Evocations
  1003 | D:2      | Reached XP level 4. HP: 39/41 MP: 5/5
  1026 | D:2      | Found a shimmering altar of Xom.
  1026 | D:2      | Noticed an angel
  1027 | D:2      | Found a glowing silver altar of Zin.
  1810 | D:3      | Reached skill level 1 in Conjurations
  1810 | D:3      | Reached skill level 1 in Hexes
  1810 | D:3      | Reached skill level 1 in Charms
  1810 | D:3      | Reached skill level 1 in Summonings
  1810 | D:3      | Reached skill level 1 in Necromancy
  1810 | D:3      | Reached skill level 1 in Translocations
  1810 | D:3      | Reached skill level 1 in Transmutations
  1810 | D:3      | Reached skill level 1 in Fire Magic
  1810 | D:3      | Reached skill level 1 in Ice Magic
  1810 | D:3      | Reached skill level 1 in Air Magic
  1810 | D:3      | Reached skill level 1 in Earth Magic
  1810 | D:3      | Reached skill level 1 in Poison Magic
  2081 | D:3      | Reached XP level 5. HP: 47/47 MP: 6/6
  2641 | D:4      | Found Usos's Armour Shop.
  2700 | D:4      | Reached XP level 6. HP: 52/53 MP: 8/8
  2798 | D:4      | Found Pynytzaf's Book Emporium.
  2820 | D:4      | Found Ongonupu's Antique Weapon Emporium.
  2895 | D:4      | Found a sacrificial altar of Ru.
  2901 | D:4      | Reached skill level 5 in Axes
  2975 | D:4      | Found Nydau's Jewellery Shoppe.
  3291 | D:5      | Entered Level 5 of the Dungeon
  3348 | D:5      | Reached XP level 7. HP: 59/59 MP: 10/10
  3391 | D:5      | HP: 3/60 [poisoned by a gnoll sergeant]
  3392 | D:5      | HP: 1/60 [poisoned by a gnoll sergeant]
  3392 | D:5      | Mangled by a gnoll sergeant

Vault maps used:
D:1:      mushboom_english_gardens
D:2:      grunt_temple_overflow_order_and_chaos_1, overflow_temple_1_default
D:4:      serial_shops, nicolae_shop_crystal, nicolae_shop_behind_doors,
          shop_statue, shop, nicolae_ru_awakened_eye
D:5:      first_ration, serial_shops, kennysheep_mini_moat

Skill      XL: |  1  2  3  4  5  6  7 |
---------------+----------------------+-----
Invocations    | 1 2 |  2.6
Short Blades   | 1 2 |  2.4
Long Blades    | 1 2 |  2.4
Maces & Flails | 1 2 |  2.4
Polearms       | 1 2 |  2.4
Staves         | 1 2 |  2.4
Slings         | 1 2 |  2.4
Bows           | 1 2 |  2.4
Crossbows      | 1 2 |  2.4
Throwing       | 1 2 |  2.4
Dodging        | 1 2 |  2.4
Stealth        | 1 2 |  2.4
Unarmed Combat | 1 2 |  2.4
Spellcasting   | 1 2 |  2.4
Evocations     | 1 2 |  2.4
Conjurations   | 1 2 |  2.0
Hexes          | 1 2 |  2.0
Charms         | 1 2 |  2.0
Summonings     | 1 2 |  2.0
Necromancy     | 1 2 |  2.0
Translocations | 1 2 |  2.0
Transmutations | 1 2 |  2.0
Fire Magic     | 1 2 |  2.0
Ice Magic      | 1 2 |  2.0
Air Magic      | 1 2 |  2.0
Earth Magic    | 1 2 |  2.0
Poison Magic   | 1 2 |  2.0
Axes           | 5 |  5.2
Fighting       | 7 |  7.0
Armour         | 7 |  7.0
Shields        | 7 |  7.0

Action                   |  1- 3 |  4- 6 |  7- 9 || total
-------------------------+-------+-------+-------++-------
Melee: War axe           |    56 |    61 |       ||   117
       Bite              |     6 |    16 |     3 ||    25
       Hand axe          |       |    96 |    14 ||   110
  Use: Scroll            |       |     1 |       ||     1
       Potion            |       |       |     1 ||     1
  Eat: Chunk             |       |     8 |       ||     8
Armor: Scale mail        |    16 |    56 |     7 ||    79
Dodge: Dodged            |    26 |    40 |     3 ||    69
Block: Shield            |    25 |    80 |    11 ||   116

Table legend:
 A = Spawn XP
 B = Non-spawn XP
 C = Spawn XP percentage of total XP
 D = Spawn monster count
 E = Non-spawn monster count
 F = Spawn count percentage of total count
 G = Total turns spent on level
                    A         B        C        D         E        F      G
               +---------+---------+-------+---------+---------+-------+---------
         Total |       0 |     845 |   0.0 |       0 |      94 |   0.0 |  3392
               +---------+---------+-------+---------+---------+-------+---------
           D:1 |       0 |      29 |   0.0 |       0 |      18 |   0.0 |   606
           D:2 |       0 |      78 |   0.0 |       0 |      17 |   0.0 |   874
           D:3 |       0 |      94 |   0.0 |       0 |      30 |   0.0 |  1032
           D:4 |       0 |     359 |   0.0 |       0 |      22 |   0.0 |   779
           D:5 |       0 |     285 |   0.0 |       0 |       7 |   0.0 |   101
               +---------+---------+-------+---------+---------+-------+---------
